 Dungeon Crawl Stone Soup version 0.24-a0-201-gf205589 (webtiles) character file.

Game seed: 10263288519494165739

350 Ijustatesigmund the Conjurer (level 6, 0/39 HPs)
             Began as an Octopode Wizard on Mar 20, 2019.
             Succumbed to a worker ant's poison
             ... on level 3 of the Dungeon.
             The game lasted 00:10:09 (5382 turns).

Ijustatesigmund the Conjurer (Octopode Wizard)      Turns: 5382, Time: 00:10:09

Health: 0/39       AC:  2    Str:  6    XL:     6   Next: 61%
Magic:  8/10       EV: 15    Int: 23    God:
Gold:   197        SH:  0    Dex: 14    Spells: 5/11 levels left

rFire    + . .     SeeInvis .   e - +0 mace of Fortitude {crush, +Inv rF+ Int+2 Stlth-} (curse)
rCold    . . .     Gourm    .   (no shield)
rNeg     . . .     Faith    .   a - +1 hat
rPois    .         Spirit   .   (no amulet)
rElec    .         Reflect  .   (no ring)
rCorr    .         Harm     .   (no ring)
MR       .....                  (no ring)
Stlth    ++........             (no ring)
HPRegen  0.13/turn              (no ring)
MPRegen  0.12/turn              (no ring)
                                (no ring)
                                (no ring)

@: lethally poisoned (0 -> -7), berserk cooldown, slowed, very slow
A: almost no armour, stealthy swim, amphibious, 8 rings, constrict 8, repulsion
field 1, camouflage 1, agile 1, gelatinous body 1
a: Evoke Invisibility


You were on level 3 of the Dungeon.
You were not hungry.

You visited 1 branch of the dungeon, and saw 4 of its levels.

You collected 197 gold pieces.

Inventory:

Hand Weapons
 d - a +0 flail
 e - the cursed +0 mace of Fortitude (weapon) {crush, +Inv rF+ Int+2 Stlth-}
   (You took it off an orc on level 2 of the Dungeon)

   It inflicts extra damage upon your enemies.
   It affects your intelligence (+2).
   It protects you from fire.
   It lets you turn invisible.
   It makes you less stealthy.
   It has a curse placed upon it.
Armour
 a - a +1 hat (worn)
Scrolls
 b - a scroll of remove curse
Potions
 i - a potion of flight {unknown}
Comestibles
 c - 3 rations


   Skills:
 - Level 2.0 Fighting
 * Level 1.7 Maces & Flails
 - Level 2.0 Dodging
 - Level 2.6 Stealth
 - Level 3.0 Spellcasting
 + Level 3.6 Conjurations
   Level 1.0 Summonings
 + Level 3.3 Translocations
 + Level 2.4 Fire Magic


You had 5 spell levels left.
You knew the following spells:

 Your Spells              Type           Power        Failure   Level  Hunger
a - Magic Dart            Conj           ###.         2%          1    None
b - Blink                 Tloc           N/A          4%          2    ##.....
c - Conjure Flame         Conj/Fire      ###.....     10%         3    ###....

Your spell library contained the following spells:

 Spells                   Type           Power        Failure   Level  Hunger
 Call Imp                 Summ           #.......     12%         2    ##.....
 Slow                     Hex            #.......     17%         2    ##.....
 Mephitic Cloud           Conj/Pois/Air  #.......     22%         3    ###....


Dungeon Overview and Level Annotations

Branches:
Dungeon (4/15)
 Temple: D:4-7

Altars:
Ashenzari
Dithmenos
Ru
Uskayaw
Yredelemnul
The Shining One
Beogh


Innate Abilities, Weirdness & Mutations

You cannot wear most types of armour.
You are very stealthy in the water. (Stealth+)
You are amphibious.
You can wear up to eight rings at the same time.
You can use your tentacles to constrict eight enemies at once.
Your skin changes colour to match your surroundings (Stealth+).
Your rubbery body absorbs attacks. (AC +1, EV +1)
You are surrounded by a mild repulsion field. (EV +2)
You are agile. (Dex +2)


Message History

It was a potion of berserk rage.
A red film seems to cover your vision as you go berserk!
You feel yourself moving faster!
You feel mighty!
* * * LOW HITPOINT WARNING * * *
You feel sick. Something hits you.
* * * LOW HITPOINT WARNING * * *
Deactivating autopickup; reactivate with Ctrl-A.
Something hits you but does no damage.
You feel a strong urge to attack something.
* * * LOW HITPOINT WARNING * * *
You feel sick.
A magic dart appears from out of thin air!
The magic dart hits you.
* * * LOW HITPOINT WARNING * * *
You see here a stone.
You feel your anger nearly subside.
You are no longer berserk.
You are exhausted.
You feel yourself slow down.
You die...

#....#.##.#.#
#....#.#....#
#....#.##.#.##
#....#.......#
#....#.......#
#####....#.##.##.#
.........#.##..#.#
##########.###.#.#
##########.###.#@#
........##..(....#
.#####.#.#####(###
.####.###.a....#
.......#>#######
.#####..##
.#####.## .......#
########


There were no monsters in sight!

Vanquished Creatures
  The ghost of DungeonDestroyer the Skirmisher, an amateur DsAK of Lugonu (D:3)
  A scorpion (D:4)
  A howler monkey (D:4)
  An orc wizard (D:3)
  2 worker ants (D:4)
  2 adders
  2 oozes
  4 dart slugs
  4 leopard geckos
  11 orcs
  2 ball pythons (D:3)
  A bat (D:3)
  A giant cockroach (D:2)
  2 goblins
  10 hobgoblins
  2 jackals (D:3)
  A quokka (D:2)
  5 frilled lizards
  7 kobolds
  6 rats
66 creatures vanquished.

Notes
Turn   | Place    | Note
-------+----------+-------------------------------------------
     0 | D:1      | Ijustatesigmund the Octopode Wizard began the quest for the
                  | Orb.
     0 | D:1      | Reached XP level 1. HP: 11/11 MP: 4/4
   201 | D:1      | Reached skill level 1 in Fighting
   201 | D:1      | Reached XP level 2. HP: 1/18 MP: 1/6
   205 | D:1      | Learned a level 2 spell: Blink
  1388 | D:2      | Reached XP level 3. HP: 23/23 MP: 3/7
  1546 | D:2      | Found a shadowy altar of Dithmenos.
  2284 | D:2      | Found a hide-covered altar of Uskayaw.
  2406 | D:2      | Found a basalt altar of Yredelemnul.
  2523 | D:2      | Found a glowing golden altar of the Shining One.
  2657 | D:2      | Noticed an angel
  2889 | D:3      | Reached XP level 4. HP: 29/29 MP: 6/8
  2894 | D:3      | Learned a level 3 spell: Conjure Flame
  2946 | D:3      | Found a shattered altar of Ashenzari.
  3066 | D:3      | Reached skill level 1 in Fire Magic
  3358 | D:3      | Found a sacrificial altar of Ru.
  3378 | D:3      | Found a runed translucent gate.
  3378 | D:3      | Found a runed translucent gate.
  3378 | D:3      | Found a runed translucent gate.
  3381 | D:3      | Noticed DungeonDestroyer's ghost (amateur DsAK)
  3383 | D:3      | Identified the cursed +0 mace of Fortitude {crush, +Inv rF+
                  | Int+2 Stlth-}
  3385 | D:3      | Found a roughly hewn altar of Beogh.
  3765 | D:3      | Reached XP level 5. HP: 18/34 MP: 1/9
  4155 | D:3      | HP: 1/34 [DungeonDestroyer's ghost (8)]
  4160 | D:3      | Killed DungeonDestroyer's ghost
  4651 | D:4      | Reached skill level 1 in Maces & Flails
  4651 | D:4      | Reached XP level 6. HP: 15/39 MP: 0/10
  5377 | D:3      | Gained mutation: You are agile. (Dex +2) [potion of
                  | mutation]
  5377 | D:3      | Gained mutation: You are surrounded by a mild repulsion
                  | field. (EV +2) [potion of mutation]
  5380 | D:3      | HP: 1/58 [something/magic dart (4)]
  5382 | D:3      | Succumbed to a worker ant's poison

Levels and vault maps discovered:
D:1:      grunt_arrival_crossed_arrows, layout_rooms
D:2:      layout_basic, grunt_temple_overflow_holy_war, lemuel_doored_altar,
          eat_drink_and_be_merry_uskayaw, grunt_ministairs_14
D:3:      layout_loops_cross, ashenzari_conservatory_becter,
          nicolae_ru_path_of_blood, biasface_ghost_orc_armoury
D:4:      layout_basic, first_ration, minivault_19, minmay_manual_monstrance

Skill      XL: |  1  2  3  4  5 |
---------------+----------------+-----
Fighting       | 1 2 |  2.0
Conjurations   | 2 3 |  3.6
Translocations | 2 3 |  3.3
Fire Magic     | 1 2 |  2.4
Maces & Flails | 1 |  1.7
Dodging        | |  2.0
Stealth        | |  2.6
Spellcasting   | |  3.0
Summonings     | |  1.0

Action                   |  1- 3 |  4- 6 || total
-------------------------+-------+-------++-------
Melee: Hand axe          |    37 |    29 ||    66
       Constrict         |     8 |    13 ||    21
       Tentacles         |     6 |     7 ||    13
       Mace              |       |    15 ||    15
 Cast: Magic Dart        |    72 |    79 ||   151
       Blink             |       |     5 ||     5
  Use: Scroll            |     3 |     3 ||     6
       Potion            |       |     8 ||     8
 Stab: Sleeping          |     1 |       ||     1
  Eat: Chunk             |     6 |     1 ||     7
       Ration            |       |     2 ||     2
Armor: Skin              |     1 |     7 ||     8
Dodge: Dodged            |    36 |    50 ||    86

Table legend:
 A = Non-vault XP
 B = Vault XP
 C = Vault XP percentage of total XP
 D = Non-vault monster count
 E = Vault monster count
 F = Vault count percentage of total count
                 A         B        C        D         E       F
            +---------+---------+-------+---------+---------+-------
      Total |     296 |     205 |  40.9 |      54 |      12 |  18.2
            +---------+---------+-------+---------+---------+-------
        D:1 |      23 |       0 |   0.0 |      11 |       0 |   0.0
        D:2 |      45 |       8 |  15.1 |      18 |       3 |  14.3
        D:3 |      82 |     130 |  61.3 |      20 |       7 |  25.9
        D:4 |     146 |      67 |  31.5 |       5 |       2 |  28.6
            +---------+---------+-------+---------+---------+-------
